 Dungeon Crawl Stone Soup version 0.17-a0-1719-g1afd5a1 (webtiles) character file.

10245 kae the Basher (level 11, 0/77 HPs)
             Began as a Demonspawn Fighter on Aug 28, 2015.
             Was a Priest of Qazlal.
             Succumbed to a wolf spider's poison
             ... on level 10 of the Dungeon.
             The game lasted 00:21:36 (13002 turns).

kae the Basher (Demonspawn Fighter)                Turns: 13002, Time: 00:21:37

Health: 0/77       AC: 15    Str: 19      XL:     11   Next: 33%
Magic:  2/16       EV:  7    Int:  6 (9)  God:    Qazlal [***...]
Gold:   707        SH:  3    Dex: 14      Spells: 0 memorised, 10 levels left

rFire  . . .     SeeInvis .     M - +3 dire flail (curse)
rCold  + . .     Clarity  .     x - +3 chain mail {MR+}
rNeg   . . .     SustAt   .     (no shield)
rPois  .         Gourm    .     (helmet restricted)
rElec  .         Spirit   +     h - +0 cloak
rCorr  .         Warding  .     (no gloves)
rMut   .         Stasis   .     (no boots)
MR     +....                    U - amulet of inaccuracy (curse)
Stlth  ..........               B - ring of protection from fire
                                K - ring of ice

@: lethally poisoned (0 -> -15), somewhat resistant to hostile enchantments,
extremely unstealthy
A: horns 2, slimy green scales 1, magic shield
a: Upheaval, Elemental Force, Renounce Religion


You were on level 10 of the Dungeon.
You worshipped Qazlal.
Qazlal was most pleased with you.
You were hungry.

You visited 2 branches of the dungeon, and saw 12 of its levels.

You collected 707 gold pieces.

Inventory:

Hand weapons
 a - a +0 flail
 k - the +7 short sword of Reason {pierce, *Confuse MR+ Int-4 Dex+6, unknown}
   (You found it on level 4 of the Dungeon)

   It inflicts extra damage upon your enemies.
   It affects your intelligence (-4).
   It affects your dexterity (+6).
   It affects your resistance to hostile enchantments.
   It may confuse you when you take damage.
 v - a +3 whip of flaming
 M - a cursed +3 dire flail (weapon)
Armour
 c - a +0 shield
 h - a +0 cloak (worn)
 w - a +0 large shield of resistance
 x - a +3 chain mail of magic resistance (worn)
 L - a +3 plate armour
Jewellery
 f - an uncursed ring of protection from magic
 q - an uncursed ring of protection from cold
 B - a ring of protection from fire (right hand)
 K - a ring of ice (left hand)
 U - a cursed amulet of inaccuracy (around neck)
Magical devices
 b - a wand of confusion (21)
 d - a wand of frost (6)
 n - a wand of polymorph (10)
 o - a wand of magic darts (27)
 y - a wand of lightning (6)
 z - a wand of draining (8)
 H - a wand of draining (13)
 J - a wand of random effects (30)
 N - a wand of frost (13)
 O - a wand of slowing (34)
 R - a wand of teleportation (6)
 S - a wand of confusion (19)
Scrolls
 j - 3 scrolls of remove curse
 A - a scroll of enchant armour
 P - 4 scrolls of identify
Potions
 s - 3 potions of lignification
 u - 3 potions of flight
 G - a potion of agility
Books
 g - a Grand Grimoire

   Spells                             Type                      Level
   a - Monstrous Menagerie            Summoning                    6
   b - Summon Greater Demon           Summoning                    7
   c - Malign Gateway                 Summoning/Translocation      7
   d - Summon Horrible Things         Summoning                    8
 C - a book of Alchemy

   Spells                             Type                      Level
   a - Sublimation of Blood           Necromancy                   2
   b - Ignite Poison                  Fire/Transmutation/Poison    3
   c - Alistair's Intoxication        Transmutation/Poison         4
   d - Condensation Shield            Ice                          4
   e - Petrify                        Transmutation/Earth          4
   f - Irradiate                      Conjuration/Transmutation    5
 D - a book of Necromancy

   Spells                             Type                      Level
   a - Pain                           Necromancy                   1
   b - Animate Skeleton               Necromancy                   1
   c - Vampiric Draining              Necromancy                   3
   d - Regeneration                   Charms/Necromancy            3
   e - Animate Dead                   Necromancy                   4
   f - Control Undead                 Necromancy                   4
 I - a Fen Folio

   Spells                             Type                      Level
   a - Corpse Rot                     Necromancy                   2
   b - Stone Arrow                    Conjuration/Earth            3
   c - Leda's Liquefaction            Hexes/Earth                  4
   d - Summon Forest                  Summoning/Translocation      5
   e - Hydra Form                     Transmutation                6
   f - Summon Hydra                   Summoning                    7
Comestibles
 e - 6 bread rations
 m - 8 slices of pizza
 p - 5 beef jerkies
 t - 7 fruits
 T - 2 meat rations


   Skills:
 - Level 4.0 Fighting
 - Level 14.5 Maces & Flails
 - Level 3.8 Armour
 - Level 2.6 Shields
 + Level 7.7 Invocations


You had 10 spell levels left.
You didn't know any spells.

Dungeon Overview and Level Annotations

Branches:
Dungeon (11/15)            Temple (1/1) D:7             Orc (0/4) D:9
   Lair: D:8-11

Altars:
Ashenzari
Cheibriados
Dithmenos
Elyvilon
Fedhas
Gozag
Kikubaaqudgha
Makhleb
Nemelex Xobeh
Okawaru
Qazlal
Ru
Sif Muna
Trog
Vehumet
Xom
Yredelemnul
Zin
The Shining One


Innate Abilities, Weirdness & Mutations

You have a pair of horns on your head.
You are partially covered in slimy green scales (AC +2).
When hurt, damage is shared between your health and your magic reserves.


Message History

< or
f - a ring of protection from magic > or
B - a ring of protection from fire You remove your ring of protection from magic.
* * * LOW HITPOINT WARNING * * *
You feel sick.
You feel more attuned to ice.
K - a ring of ice (left hand)
* * * LOW HITPOINT WARNING * * *
You feel sick.
Put on which piece of jewellery? (? for menu, Esc to quit)
Oops, that amulet feels deathly cold.
U - a cursed amulet of inaccuracy (around neck)
* * * LOW HITPOINT WARNING * * *
You feel sick.
Unknown command.
No missiles available.
Use F to throw any item.
There is a lethal amount of poison in your body!
There is a lethal amount of poison in your body!
There is a lethal amount of poison in your body!
You die...

#...# #.# #.#
#...# #.#
#...####.# #.#
#...# #.#
#..)<....# #.#
#...# #.#
#...###..# #.#
#...# #.# #.).#
#..# #.# #...#
#)# #...# #..#
#.# #...# #.#
)...# #..#
#)####.)[####.#
....# #..#
#..>§.........#
....# #..#
#..@....#####.#
#...#
#..#####.§§§...#
#.# #...#
#........####..#
#.# #...#
#..#####.# #..#
#.# #...# #..#
#.# #..# #.#
#...# #..# #.#
#..# #.# #...#
#.(# #.# #..#
#.# #...# #..#
#.# #..# #.#
#...# #..# #.#
#..# #.#


There were no monsters in sight!

Vanquished Creatures
  Erolcha (D:8)
  Sonja (D:10)
  2 hill giants
  Pikel (D:4)
  A wolf spider (D:10)
  A cyclops (D:9)
  Eustachio (D:4)
  Grinder (D:4)
  Sigmund (D:5)
  A hill giant zombie (D:9)
  A human (D:7)
  Menkaure (D:5)
  A hippogriff (D:8)
  A hungry ghost (D:9)
  A porcupine (D:11)
  3 slaves (D:4)
  Duvessa (D:5)
  5 orc warriors
  A water moccasin (D:8)
  A centaur (D:5)
  An eye of draining (D:10)
  2 sky beasts (D:9)
  4 phantoms
  An ice beast (D:6)
  5 ogres
  A big kobold (D:9)
  2 necrophages
  A gnoll sergeant (D:10)
  Dowan (D:5)
  7 giant frogs
  A scorpion (D:4)
  6 killer bees
  2 troll zombies (D:9)
  12 wights
  3 crimson imps (D:7)
  5 hounds
  3 jellies
  12 orc wizards
  An iron imp (D:5)
  2 worker ants
  Crazy Yiuf (D:4)
  A giant frog skeleton (D:6)
  A gnoll shaman (D:6)
  A hell rat (D:6)
  Natasha (D:2)
  9 orc priests
  3 iguanas
  4 sheep (D:7)
  5 ogre zombies (D:9)
  2 hound skeletons
  Robin (D:2)
  13 adders
  14 gnolls
  7 river rats (D:6)
  2 shadow imps (D:8)
  3 oozes
  An adder zombie (D:9)
  An adder skeleton (D:7)
  3 worms
  49 orcs
  4 ball pythons
  8 giant cockroaches
  13 goblins
  6 hobgoblins
  22 jackals
  9 kobolds
  7 quokkas
  9 bats
  7 giant geckos
  A giant gecko skeleton (D:9)
  5 giant newts
  2 goblin zombies (D:9)
  A hobgoblin skeleton (D:9)
  4 hobgoblin zombies (D:9)
  3 orc skeletons (D:9)
  15 orc zombies (D:9)
  A quokka skeleton (D:6)
  A quokka zombie (D:6)
  32 rats
371 creatures vanquished.

Vanquished Creatures (others)
  A slave (D:4)
  An orc wizard (D:4)
  A centaur skeleton (D:4)
  An orc (D:4)
  A jackal (D:4)
  A ball python (D:4)
6 creatures vanquished.

Grand Total: 377 creatures vanquished

Notes
Turn   | Place    | Note
--------------------------------------------------------------
     0 | D:1      | kae the Demonspawn Fighter began the quest for the Orb.
     0 | D:1      | Reached XP level 1. HP: 18/18 MP: 1/1
   244 | D:1      | Gained mutation: You have a pair of small horns on your head. [demonic ancestry]
   244 | D:1      | Reached XP level 2. HP: 24/24 MP: 2/2
   526 | D:1      | Gained mutation: You have a pair of horns on your head. [demonic ancestry]
   526 | D:1      | Reached XP level 3. HP: 25/29 MP: 3/3
  1004 | D:2      | Noticed Robin
  1019 | D:2      | Killed Robin
  1314 | D:2      | Gained mutation: You are partially covered in slimy green scales (AC +2). [demonic ancestry]
  1314 | D:2      | Reached XP level 4. HP: 31/35 MP: 4/4
  1332 | D:2      | Reached skill level 4 in Maces & Flails
  1425 | D:2      | Noticed Natasha
  1433 | D:2      | Killed Natasha
  1803 | D:3      | Reached XP level 5. HP: 31/41 MP: 5/5
  1807 | D:3      | Reached skill level 5 in Maces & Flails
  2694 | D:4      | Noticed a slave
  2695 | D:4      | Noticed Pikel
  2695 | D:4      | Noticed a slave
  2696 | D:4      | Noticed a slave
  2701 | D:4      | Noticed a slave
  2713 | D:4      | Killed Pikel
  2713 | D:4      | Reached skill level 7 in Maces & Flails
  2713 | D:4      | Reached XP level 6. HP: 21/47 MP: 6/6
  2713 | D:4      | Reached XP level 7. HP: 23/52 MP: 7/7
  2782 | D:4      | Killed a freed slave
  2951 | D:4      | Killed a freed slave
  2960 | D:4      | Killed a freed slave
  2993 | D:4      | Found a blossoming altar of Fedhas.
  3000 | D:4      | Killed a freed slave
  3014 | D:4      | Noticed Grinder
  3086 | D:4      | Killed Grinder
  3086 | D:4      | Reached skill level 8 in Maces & Flails
  3215 | D:4      | Found a shadowy altar of Dithmenos.
  3250 | D:4      | Found an opulent altar of Gozag.
  3279 | D:4      | Noticed Eustachio
  3299 | D:4      | Killed Eustachio
  3299 | D:4      | Reached skill level 9 in Maces & Flails
  3299 | D:4      | Gained mutation: When hurt, damage is shared between your health and your magic reserves. [demonic ancestry]
  3299 | D:4      | Reached XP level 8. HP: 44/58 MP: 8/8
  3390 | D:4      | Noticed an ogre
  3395 | D:4      | Killed an ogre
  3463 | D:4      | Found a blossoming altar of Fedhas.
  3696 | D:4      | Noticed Crazy Yiuf
  3700 | D:4      | Killed Crazy Yiuf
  4035 | D:4      | Got a warped short sword
  4305 | D:5      | Entered Level 5 of the Dungeon
  4614 | D:4      | Reached skill level 10 in Maces & Flails
  4695 | D:5      | Noticed Duvessa
  4695 | D:5      | Noticed Dowan
  4962 | D:5      | Noticed Sigmund
  5072 | D:5      | Killed Sigmund
  5274 | D:5      | Found a snail-covered altar of Cheibriados.
  5286 | D:5      | Reached XP level 9. HP: 63/63 MP: 9/9
  5326 | D:5      | Noticed Menkaure
  5333 | D:5      | Killed Menkaure
  5333 | D:5      | Reached skill level 11 in Maces & Flails
  5789 | D:5      | Identified a -1 rod of shadows (13/13) (You found it on level 6 of the Dungeon)
  5918 | D:6      | Noticed a hill giant
  6169 | D:6      | Killed a hill giant
  6179 | D:6      | Reached skill level 12 in Maces & Flails
  7226 | D:5      | Killed Duvessa
  7238 | D:5      | Killed Dowan
  7238 | D:5      | Reached XP level 10. HP: 32/70 MP: 4/10
  7521 | D:7      | Reached skill level 13 in Maces & Flails
  8009 | D:7      | Found a deep blue altar of Sif Muna.
  8108 | D:7      | Found a staircase to the Ecumenical Temple.
  8337 | Temple   | Entered the Ecumenical Temple
  8370 | Temple   | Became a worshipper of Qazlal Stormbringer
  9797 | D:9      | Noticed a cyclops
  9797 | D:9      | Acquired Qazlal's first power
  9810 | D:9      | Killed a cyclops
 10128 | D:9      | Reached skill level 14 in Maces & Flails
 10179 | D:9      | Noticed Erolcha
 10890 | D:9      | Acquired Qazlal's second power
 10891 | D:9      | Found a staircase to the Orcish Mines.
 10902 | D:8      | Killed Erolcha
 11356 | D:10     | Entered Level 10 of the Dungeon
 11363 | D:10     | Reached XP level 11. HP: 77/77 MP: 11/11
 11370 | D:10     | Reached skill level 1 in Invocations
 11784 | D:10     | Noticed a hill giant
 11797 | D:10     | Killed a hill giant
 11909 | D:10     | Found a sparkling altar of Nemelex Xobeh.
 11949 | D:10     | Acquired Qazlal's third power
 12050 | D:10     | Reached skill level 5 in Invocations
 12100 | D:10     | Noticed Sonja
 12131 | D:10     | Killed Sonja
 13000 | D:10     | HP: 3/77 [poisoned by a wolf spider]
 13002 | D:10     | Succumbed to a wolf spider's poison

Vault maps used:
D:1:      saegor_arrival_simple_e
D:2:      uniq_natasha, uniq_robin
D:3:      serial_park_tiny_pond
D:4:      kennysheep_big_flooded_room, nicolae_gozag_seed_capital,
          nicolae_overflow_hidden_temple, fedhas_altar_4, uniq_pikel,
          uniq_eustachio, uniq_grinder, uniq_crazy_yiuf_cottage
D:5:      slow_altar_1, first_bread, minmay_misc_feat_tower, uniq_duvessa,
          uniq_sigmund, uniq_menkaure
D:6:      lemuel_ratsnest
D:7:      tgw_sif, minmay_temple_entry_trees, grunt_livestock
D:9:      zombieorc2_lemuel, hangedman_decor_push, uniq_erolcha
D:10:     nemelex_deck, uniq_sonja
D:11:     dpeg_lair_monsters, basic_altar, minivault_27
Temple:   minmay_temple_curvy_14

Action                   |  1- 3 |  4- 6 |  7- 9 | 10-12 || total
-------------------------+-------+-------+-------+-------++-------
Melee: Flail             |   159 |   148 |       |       ||   307
       Whip              |       |       |   457 |   212 ||   669
       Dire flail        |       |       |       |   321 ||   321
Invok: Upheaval          |       |       |       |     1 ||     1
  Use: Potion            |     1 |       |     1 |    14 ||    16
       Scroll            |       |       |     9 |     3 ||    12
  Eat: Chunk             |     2 |     3 |    16 |    11 ||    32
       Meat ration       |       |       |       |     2 ||     2
       Fruit             |       |       |       |     1 ||     1
       Pizza             |       |       |       |     1 ||     1
